 Dungeon Crawl Stone Soup version 0.28.0-45-g0d030f2227 (webtiles) character file.

Game seed: 4985930700038357006

8 Descartes the Grasshopper (level 2, -3/22 HPs)
             Began as a Formicid Warper on Apr 11, 2022.
             Was a Follower of Nemelex Xobeh.
             Slain by a gnoll
             ... wielding a +0 spear
              (5 damage)
             ... on level 1 of the Dungeon.
             The game lasted 00:01:56 (465 turns).

Descartes the Grasshopper (Formicid Warper)          Turns: 465, Time: 00:01:57

Health: -3/22      AC:  3    Str: 15    XL:     2   Next: 15%
Magic:  5/5        EV: 11    Int: 12    God:    Nemelex Xobeh [*.....]
Gold:   12         SH:  0    Dex: 10    Spells: 5/5 levels left

rFire   . . .      SeeInvis +   a - +0 hand axe
rCold   . . .      Faith    .   (no shield)
rNeg    . . .      Spirit   .   b - +0 leather armour
rPois   .          Reflect  .   (helmet unavailable)
rElec   .          Harm     .   (no cloak)
rCorr   .          Rampage  .   (no gloves)
Will    .....                   (no boots)
Stlth   +.........              (no amulet)
HPRegen 0.07/turn               (no ring)
MPRegen 0.09/turn               (no ring)

@: no status effects
A: permanent stasis, dig shafts and tunnels, antennae 3, four strong arms
a: Dig, Shaft Self, Renounce Religion, Draw Escape, Draw Destruction, Draw
Summoning


You were on level 1 of the Dungeon.
You worshipped Nemelex Xobeh.
Nemelex Xobeh was aware of your devotion.
You visited 1 branch of the dungeon, and saw 1 of its levels.

You collected 12 gold pieces.

Inventory:

Hand Weapons
 a - a +0 hand axe (weapon)
Missiles
 c - 5 boomerangs of dispersal (quivered)
 d - 24 stones
Armour
 b - a +0 leather armour (worn)
Scrolls
 e - a scroll of amnesia {unknown}
Potions
 f - a potion of curing {unknown}


   Skills:
 + Level 2.2 Fighting
 + Level 2.1 Axes
 + Level 1.2 Throwing
 + Level 1.2 Armour
 + Level 1.9 Dodging
 + Level 2.2 Spellcasting
 + Level 2.8 Translocations


You had 5 spell levels left.
You didn't know any spells.
Your spell library contained the following spells:

 Spells                   Type           Power      Damage    Failure   Level
 Gell's Gravitas          Tloc           8%         N/A       30%         3
 Lesser Beckoning         Tloc           8%         N/A       30%         3
 Teleport Other           Tloc           8%         N/A       30%         3
 Manifold Assault         Tloc           8%         N/A       96%         5
 Blink                    Tloc           Unusable   N/A       N/A         2

Dungeon Overview and Level Annotations

Branches:
Dungeon (1/15)

Altars:
Nemelex Xobeh


Innate Abilities, Weirdness & Mutations

You cannot be hasted, slowed, berserked, paralysed or teleported.
You can dig through walls and to a lower floor.
You have a pair of large antennae on your head. (SInv)
Your four strong arms can wield two-handed weapons with a shield.


Message History

The gnoll shouts!
The frilled lizard hisses angrily.
You barely miss the endoplasm. The endoplasm hits you.
The endoplasm hits you but does no damage.
You hit the endoplasm.
The endoplasm is moderately wounded.
You completely miss the goblin. The endoplasm freezes you.
You are frozen.
The goblin hits you but does no damage.
You hit the endoplasm.
You kill the endoplasm!
You barely miss the goblin. The goblin barely misses you.
The gnoll completely misses you.
You have reached level 2!
The goblin hits you but does no damage.
You barely miss the goblin.
The gnoll hits you from afar with a +0 spear.
The goblin hits you but does no damage.
You hit the goblin but do no damage. The goblin hits you but does no damage.
You barely miss the goblin. The goblin hits you but does no damage.
You barely miss the goblin. The goblin closely misses you.
The goblin hits you but does no damage.
You completely miss the goblin. Your punch misses the goblin.
The goblin hits you with a +0 dagger.
You hit the goblin.
You kill the goblin!
The frilled lizard closely misses you.
Unknown command.
You hit the frilled lizard.
You kill the frilled lizard!
The gnoll closely misses you.
The gnoll hits you from afar with a +0 spear.
The gnoll hits you with a +0 spear!
* * * LOW HITPOINT WARNING * * *
Things that are here:
a +0 dagger; a frilled lizard corpse You hit the gnoll.
The gnoll is moderately wounded.
The gnoll hits you with a +0 spear.
You die...
Your body disappears without a glow.

...####.....##.#
........!...##.###.#
...................#
...........g##.#####.###
......#.....##.#........
...####.....##.#.###.###.###
... ########..............
.. ###g##.#...... ..... ..
#@#..#..### ##..# #.##.#..##
#..# #.##....# # # #..#
####.......#.# #.+..#
#..........#.###.#..#
#.######...##...##..# #.#
##..#######... #.#
#.<.........# #.#
#...........#


You could see a gnoll.

Vanquished Creatures
  A ball python (D:1)
  2 endoplasms (D:1)
  A goblin (D:1)
  A frilled lizard (D:1)
  2 kobolds (D:1)
  A rat (D:1)
8 creatures vanquished.

Vanquished Creatures (others)
  A withered plant (D:1)
1 creature vanquished.

Grand Total: 9 creatures vanquished

Notes
Turn   | Place    | Note
-------+----------+-------------------------------------------
     0 | D:1      | Descartes the Formicid Warper began the quest for the Orb.
     0 | D:1      | Reached XP level 1. HP: 16/16 MP: 3/3
   280 | D:1      | Found a faded altar of an unknown god.
   286 | D:1      | Prayed at the altar of an unknown god.
   286 | D:1      | Became a worshipper of Nemelex Xobeh the Trickster
   286 | D:1      | Reached * piety under Nemelex Xobeh
   442 | D:1      | Reached XP level 2. HP: 16/22 MP: 5/5
   465 | D:1      | Slain by a gnoll

Illustrated notes

Levels and vault maps discovered:
D:1:      minmay_arrival_stone_box, layout_basic,
          ebering_ecumenical_altar_petrified

Action                   || total
-------------------------++-------
Melee: Hand axe          ||    25
Armor: Leather armour    ||    11
Dodge: Dodged            ||    14
